 Dungeon Crawl Stone Soup version 0.21-a0-29-g43b3074 (webtiles) character file.

147 tof the Covered (level 5, -9/47 HPs)
             Began as a Minotaur Fighter on May 26, 2017.
             Mangled by Edmund
             ... wielding a +3 flail of protection
              (11 damage)
             ... on level 4 of the Dungeon.
             The game lasted 00:03:07 (2360 turns).

tof the Covered (Minotaur Fighter)                  Turns: 2360, Time: 00:03:08

Health: -9/47      AC:  7    Str: 22    XL:     5   Next: 7%
Magic:  4/4        EV:  7    Int:  5    God:
Gold:   134        SH:  9    Dex:  9    Spells: 4/4 levels left

rFire    . . .     SeeInvis .   a - +0 flail
rCold    . . .     Gourm    .   c - +0 shield
rNeg     . . .     Faith    .   b - +0 scale mail
rPois    .         Spirit   .   v - +0 hat
rElec    .         Reflect  .   (no cloak)
rCorr    .         Harm     .   (no gloves)
MR       .....                  (no boots)
Stlth    +.........             (no amulet)
Regen    0.2/turn               r - ring of stealth
MPRegen  0.1/turn               (no ring)

@: lethally poisoned (-9 -> -10)
A: retaliatory headbutt, horns 2
a: no special abilities


You were on level 4 of the Dungeon.
You were not hungry.

You visited 1 branch of the dungeon, and saw 4 of its levels.

You collected 134 gold pieces.

Inventory:

Hand Weapons
 a - a +0 flail (weapon)
Armour
 b - a +0 scale mail (worn)
 c - a +0 shield (worn)
 v - a +0 hat (worn)
Jewellery
 r - a ring of stealth (left hand)
Wands
 n - a wand of paralysis (12/24)
 s - a wand of acid (5/15)
 u - a wand of disintegration (8/24)
 w - a wand of polymorph (15/24)
Scrolls
 e - 2 scrolls of identify {unknown}
 f - 2 scrolls of immolation {unknown}
 g - a scroll of fear {unknown}
 h - a scroll of amnesia {unknown}
 k - 4 scrolls of teleportation {unknown}
 o - a scroll of magic mapping {unknown}
 q - a scroll of fog {unknown}
 t - a scroll of enchant weapon {unknown}
Potions
 d - a potion of might
 j - 4 potions of curing {unknown}
 l - 2 potions of mutation {unknown}
 m - a potion of agility {unknown}
 p - a potion of haste {unknown}
 x - 2 potions of flight {unknown}
Comestibles
 i - 2 royal jellies


   Skills:
 + Level 4.5 Fighting
 * Level 4.4 Maces & Flails
 * Level 5.1 Armour
 - Level 3.6 Shields


You had 4 spell levels left.
You didn't know any spells.

Dungeon Overview and Level Annotations

Branches:
Dungeon (4/15)
 Temple: D:4-7

Altars:

Annotations:
D:4 Edmund


Innate Abilities, Weirdness & Mutations

You reflexively headbutt those who attack you in melee.
You have a pair of horns on your head.


Message History

You sock Edmund! Your headbutt misses Edmund.
Edmund is moderately wounded.
Edmund hits you but does no damage.
You closely miss Edmund. Your headbutt misses Edmund.
Edmund is moderately wounded.
You feel sick.
Edmund hits you with a flail of protection!
* * * LOW HITPOINT WARNING * * *
Edmund hits you with a flail of protection.
* * * LOW HITPOINT WARNING * * *
You completely miss Edmund. Your headbutt misses Edmund.
Edmund is moderately wounded.
Your shield and scale mail prevent you from hitting Edmund.
Edmund is moderately wounded.
* * * LOW HITPOINT WARNING * * *
You feel sick. Edmund closely misses you.
You closely miss Edmund.
Edmund is moderately wounded.
Edmund hits you with a flail of protection!
You die...

#.# .......
#.# # ......#
#.#.# ......#
#.#.# #.....#
#<..# #.....#
#.### #.....
#.#
#..#####..####
#.#
......@@..#..
#.#
...######.#.#
#.#
#.#.#####.#
#.........#
###.#######
#.# #.########
#.........
#.########


You could see Edmund.

Vanquished Creatures
  A scorpion (D:4)
  2 adders (D:3)
  2 oozes (D:2)
  3 dart slugs
  A leopard gecko (D:1)
  3 giant cockroaches
  6 goblins
  11 hobgoblins
  4 jackals (D:1)
  8 kobolds
  A quokka (D:2)
  7 bats
  6 frilled lizards
  8 rats
63 creatures vanquished.

Notes
Turn   | Place    | Note
-------+----------+-------------------------------------------
     0 | D:1      | tof the Minotaur Fighter began the quest for the Orb.
     0 | D:1      | Reached XP level 1. HP: 19/19 MP: 0/0
   237 | D:1      | Reached XP level 2. HP: 27/27 MP: 1/1
   521 | D:1      | Reached skill level 4 in Armour
   694 | D:2      | Reached XP level 3. HP: 33/33 MP: 2/2
  1843 | D:3      | Reached XP level 4. HP: 40/40 MP: 3/3
  2343 | D:4      | Noticed Edmund
  2349 | D:4      | Reached skill level 5 in Armour
  2349 | D:4      | Reached XP level 5. HP: 35/47 MP: 4/4
  2359 | D:4      | HP: 2/47 [poisoned by a scorpion]
  2360 | D:4      | Mangled by Edmund

Vault maps used:
D:1:      dpeg_arrival_shelter
D:2:      minmay_misc_feat_pillars
D:4:      nemelex_xobeh_ov_fountains_minmay, gup_sewer_entry_glass,
          nicolae_ossuary_entry_giza, uniq_edmund

Skill      XL: |  1  2  3  4 |
---------------+-------------+-----
Maces & Flails | 3 4 |  4.4
Armour         | 4 5 |  5.1
Fighting       | 4 |  4.5
Shields        | |  3.6

Action                   |  1- 3 |  4- 6 || total
-------------------------+-------+-------++-------
Melee: Flail             |   110 |    44 ||   154
       Headbutt          |    15 |    13 ||    28
  Eat: Bread ration      |     1 |       ||     1
Armor: Scale mail        |    65 |    11 ||    76
Dodge: Dodged            |    29 |     8 ||    37
Block: Shield            |    58 |    17 ||    75
